 Dungeon Crawl Stone Soup version 0.29-a0-802-g34511f41fd (webtiles) character file.

Game seed: 12026139937178959302

11 Sabo the Shield-Bearer (level 2, -1/24 HPs)
             Began as a Formicid Fighter on July 3, 2022.
             Was an Initiate of Ashenzari.
             Slain by a gnoll
             ... wielding a +0 whip
              (6 damage)
             ... on level 2 of the Dungeon.
             The game lasted 00:04:28 (1091 turns).

Sabo the Shield-Bearer (Formicid Fighter)           Turns: 1091, Time: 00:04:28

Health: -1/24      AC:  6    Str: 20    XL:     2   Next: 40%
Magic:  2/2        EV:  9    Int:  7    God:    Ashenzari [......]
Gold:   43         SH:  5    Dex: 13    Spells: 1/1 levels left

rFire   . . .      SeeInvis +   a - +0 war axe
rCold   . . .      Faith    .   c - +0 buckler
rNeg    . . .      Spirit   .   b - +0 scale mail
rPois   .          Reflect  .   (helmet unavailable)
rElec   .          Harm     .   (no cloak)
rCorr   .          Rampage  .   (no gloves)
Will    .....                   (no boots)
Stlth   ..........              (no amulet)
HPRegen 0.08/turn               (no ring)
MPRegen 0.08/turn               (no ring)

@: no status effects
A: permanent stasis, dig shafts and tunnels, antennae 3, four strong arms
a: Dig, Shaft Self, Renounce Religion, Curse Item


You were on level 2 of the Dungeon.
You worshipped Ashenzari.
Ashenzari was noncommittal.
You visited 1 branch of the dungeon, and saw 2 of its levels.

You collected 43 gold pieces.

Inventory:

Hand Weapons
 a - a +0 war axe (weapon)
Missiles
 e - 5 boomerangs
Armour
 b - a +0 scale mail (worn)
 c - a +0 buckler (worn)
 k - a +0 plate armour
Scrolls
 g - a scroll of poison {unknown}
 i - a scroll of immolation {unknown}
 j - a scroll of noise {unknown}
Potions
 d - a potion of might
 f - 2 potions of curing {unknown}
 h - a potion of magic {unknown}


   Skills:
 + Level 3.6 Fighting
 + Level 2.1 Axes
 + Level 3.5 Armour
 + Level 4.2 Shields


You had one spell level left.
You didn't know any spells.
Your spell library contained the following spells:

 Spells                   Type           Power      Damage    Failure   Level
 Magic Dart               Conj           0%         1d3       85%         1
 Searing Ray              Conj           0%         2d4       94%         2
 Fulminant Prism          Conj/Hex       0%         3d6       100%        4


Dungeon Overview and Level Annotations

Branches:
Dungeon (2/15)

Altars:
Ashenzari


Innate Abilities, Weirdness & Mutations

You cannot be hasted, slowed, berserked, paralysed or teleported.
You can dig through walls and to a lower floor.
You have a pair of large antennae on your head. (SInv)
Your four strong arms can wield two-handed weapons with a shield.


Message History

j - a scroll labelled YCIOXT AZOMI
Things that are here:
a +0 whip; a goblin corpse You see here a +0 war axe.
Things that are here:
a +0 whip; a goblin corpse You see here a ball python corpse.
Found a +0 club.
Found a plate armour.
You see here a +0 plate armour.
k - a +0 plate armour
Found a ring mail.
You see here a +0 ring mail.
You open the door.
Found a stone staircase leading down.
There is an open door here.
There is an open door here.
You open the door.
There is an open door here.
You see here a +0 club.
There is a stone staircase leading down here.
You climb downwards.
There is a stone staircase leading up here. 3 gnolls come into view.
Found a scroll labelled CATUSUVVEF.
The gnoll shouts! x2; You hear a shout!
A gnoll comes into view. It is wielding a +0 halberd.
The gnoll moves out of view.
The gnoll hits you with a +0 whip.
You closely miss the gnoll. The gnoll misses you.
You hit the gnoll but do no damage. The gnoll barely misses you.
You closely miss the gnoll. x2; The gnoll closely misses you.
The gnoll hits you with a +0 flail. The gnoll hits you with a +0 whip.
The gnoll barely misses you. The gnoll hits you with a +0 flail.
The gnoll closely misses you.
You closely miss the gnoll. You slash the gnoll! The gnoll closely misses you.
The gnoll hits you with a +0 flail.
* * * LOW HITPOINT WARNING * * *
The gnoll hits you with a +0 whip.
You die...

#.<.....#
..#..#####.#
#....##.##.#
#......#.#.#######
#.....#..........#
#.......##.#####.#
###...###..#
#..#g#.#.#
#.ggg@...#
#...####### #....
#..... #......
+...g.g .......
##?....


You could see 4 gnolls.

Vanquished Creatures
  3 ball pythons (D:1)
  2 goblins (D:1)
  3 quokkas (D:1)
  A bat (D:1)
  2 frilled lizards (D:1)
  A rat (D:1)
12 creatures vanquished.

Notes
Turn   | Place    | Note
-------+----------+-------------------------------------------
     0 | D:1      | Sabo the Formicid Fighter began the quest for the Orb.
     0 | D:1      | Reached XP level 1. HP: 18/18 MP: 1/1
   465 | D:1      | Reached XP level 2. HP: 24/24 MP: 2/2
   620 | D:1      | Found a faded altar of an unknown god.
   644 | D:1      | Prayed at the altar of an unknown god.
   644 | D:1      | Became a worshipper of Ashenzari the Shackled
  1091 | D:2      | Slain by a gnoll

Illustrated notes

Levels and vault maps discovered:
D:1:      dpeg_arrival_houses_and_road, layout_loops_ring,
          dreamdust_ecumenical_altar_statues
D:2:      kennysheep_big_flooded_room, layout_loops_corners, minmay_statues_item

Action                   || total
-------------------------++-------
Melee: War axe           ||    34
Armor: Scale mail        ||    14
Dodge: Dodged            ||    22
Block: Buckler           ||    16

Table legend: (Time is in decaauts)
 A = Elapsed time spent in this place.
 B = Non-inter-level travel time spent in this place.
 C = Inter-level travel time spent in this place.
 D = Time resting spent in this place.
 E = Time spent auto-exploring this place.
 F = Levels seen in this place.
 G = Mean time per level.
                   A        B        C        D        E       F      G
               +--------+--------+--------+--------+--------+-----+--------+
         Total |   1104 |   1104 |      0 |    225 |      0 |   2 |  552.0 |
       Dungeon |   1104 |   1104 |      0 |    225 |      0 |   2 |  552.0 |
               +--------+--------+--------+--------+--------+-----+--------+

Top non-repeatable levels by time:
     D:1: 1077 daAuts
     D:2: 27 daAuts
